 Dungeon Crawl Stone Soup version 0.27-a0-668-gb5737ff2c0 (webtiles) character file.

Game seed: 10142436545136500740

151 rageheart7 the Chopper (level 5, -2/50 HPs)
             Began as a Deep Dwarf Chaos Knight on Mar 18, 2021.
             Was a Plaything of Xom.
             Slain by Sigmund
             ... wielding a +0 scythe
              (12 damage)
             ... on level 3 of the Dungeon.
             The game lasted 00:03:23 (1455 turns).

rageheart7 the Chopper (Deep Dwarf Chaos Knight)    Turns: 1455, Time: 00:03:23

Health: -2/50      AC:  6    Str: 17    XL:     5   Next: 11%
Magic:  4/4        EV: 11    Int: 12    God:    Xom [....*.]
Gold:   110        SH:  0    Dex: 12    Spells: 4/4 levels left

rFire    . . .     SeeInvis .   h - +0 war axe
rCold    . . .     Faith    .   (no shield)
rNeg     . . .     Spirit   .   b - +2 leather armour
rPois    .         Reflect  .   (no helmet)
rElec    .         Harm     .   n - +0 cloak
rCorr    .         Rampage  .   (no gloves)
Will     .....                  (no boots)
Stlth    +.........             (no amulet)
HPRegen  0.00/turn              (no ring)
MPRegen  0.09/turn              (no ring)

@: confused, non-regenerating
A: damage resistance, heal wounds, sense surroundings 1, no regeneration
a: Heal Wounds, Renounce Religion


You were on level 3 of the Dungeon.
You worshipped Xom.
You were a beloved toy of Xom.
You visited 1 branch of the dungeon, and saw 3 of its levels.

You collected 110 gold pieces.

Inventory:

Hand Weapons
 h - a +0 war axe (weapon)
 o - a +2 whip of venom
Armour
 b - a +2 leather armour (worn)
 n - a +0 cloak (worn)
Wands
 k - a wand of digging (7)
Scrolls
 c - a scroll of blinking {unknown}
 l - a scroll of identify {unknown}
Potions
 a - a potion of cancellation {unknown}
 d - a potion of mutation {unknown}
 e - a potion of lignification {unknown}
 f - a potion of attraction {unknown}
 g - 3 potions of curing {unknown}
 i - a potion of flight {unknown}
 j - a potion of magic {unknown}


   Skills:
 * Level 4.0 Fighting
 * Level 5.3 Axes
 - Level 2.1 Armour
 - Level 1.1 Dodging


You had 4 spell levels left.
You didn't know any spells.
Your spell library was empty.

Dungeon Overview and Level Annotations

Branches:
Dungeon (3/15)

Altars:
Ashenzari
Cheibriados
Makhleb

Annotations:
D:3 Sigmund


Innate Abilities, Weirdness & Mutations

You are resistant to damage.
You can heal yourself by infusing magical energy.
You passively map a small area around you.
You do not regenerate.


Message History

You are now a beloved toy of Xom.
Sigmund hits you from afar with a +0 scythe!
The leopard gecko misses you.
You feel much better.
The leopard gecko bites you but does no damage.
Sigmund gestures at you while chanting. The magic dart hits you.
You miss the leopard gecko. You hit the goblin. The leopard gecko bites you.
Sigmund hits you from afar with a +0 scythe.
The goblin closely misses you. The leopard gecko misses you.
Your leather armour prevents you from hitting the leopard gecko.
You closely miss the goblin. Sigmund closely misses you. The goblin hits you.
The leopard gecko bites you.
Sigmund casts a spell at himself.
Sigmund flickers and vanishes!
Deactivating autopickup; reactivate with Ctrl-A.
The goblin misses you.
You miss the leopard gecko. You barely miss the goblin.
The leopard gecko closely misses you. Something hits you.
The leopard gecko closely misses you. The goblin hits you.
You hit the leopard gecko.
The leopard gecko is almost dead.
You closely miss the goblin. The leopard gecko misses you.
Something hits you but does no damage. The goblin barely misses you.
You slash the leopard gecko!
You kill the leopard gecko!
You miss the goblin. Something hits you!
The goblin hits you but does no damage. Something hits you!
Your Fighting skill increases to level 4!
You hit the goblin.
You kill the goblin!
Something hits you!
You hear some strange, mumbled words.
You are confused.
Something hits you.
You're too confused to move!
Something hits you!
* * * LOW HITPOINT WARNING * * *
Okay, then.
Something hits you!
You die...

,*#..........# , , ,
#..........# * ..
#..........# *
....##..........# #### **
......#..........###...
......#.......####...##..
*
...........†...###.......
..........†......{†......
................@........
...............####......
, * ...............# *
...... ...............#
#.#.. ...............#* ,
.# # .(............... #
* .....#.........###
.#...............* *
##.#...........#. ,


There were no monsters in sight!

Vanquished Creatures
  A scorpion (D:3)
  Jessica (D:2)
  2 adders (D:2)
  A worm (D:3)
  5 dart slugs
  2 leopard geckos
  A ball python (D:1)
  2 giant cockroaches
  4 goblins
  A hobgoblin (D:1)
  A kobold (D:2)
  2 bats
  3 frilled lizards
  2 rats
28 creatures vanquished.

Vanquished Creatures (collateral kills)
  Crazy Yiuf (D:2)
  A bat (D:1)
2 creatures vanquished.

Grand Total: 30 creatures vanquished

Notes
Turn   | Place    | Note
-------+----------+-------------------------------------------
     0 | D:1      | rageheart7 the Deep Dwarf Chaos Knight began the quest for
                  | the Orb.
     0 | D:1      | Reached XP level 1. HP: 20/20 MP: 1/1
    63 | D:1      | XOM: silly message
   118 | D:1      | XOM: divination: detect creatures
   352 | D:1      | XOM: silly message
   353 | D:1      | XOM: cast spell 'Call Canine Familiar'
   426 | D:1      | Reached XP level 2. HP: 26/28 MP: 2/2
   654 | D:2      | Reached skill level 4 in Axes
   737 | D:2      | Reached XP level 3. HP: 17/34 MP: 3/3
   776 | D:2      | Found a broken altar of Ashenzari.
   987 | D:2      | Found a snail-covered altar of Cheibriados.
  1007 | D:2      | Noticed Jessica
  1015 | D:2      | Killed Jessica
  1016 | D:2      | Reached XP level 4. HP: 25/42 MP: 4/4
  1212 | D:2      | Found a runed translucent door.
  1213 | D:2      | Noticed Crazy Yiuf
  1221 | D:2      | XOM: summons 4 friendly demons
  1223 | D:2      | Killed Crazy Yiuf
  1286 | D:2      | Found a burning altar of Makhleb.
  1403 | D:3      | Reached skill level 5 in Axes
  1403 | D:3      | Reached XP level 5. HP: 33/50 MP: 4/4
  1439 | D:3      | Noticed Sigmund
  1455 | D:3      | Slain by Sigmund

Illustrated notes

Levels and vault maps discovered:
D:1:      lightli_arrival_maybe_door_vault, layout_basic
D:2:      layout_basic, nicolae_ashenzari_panopticon, kennysheep_slug_shrine,
          bloody_makhleb, uniq_jessica, uniq_crazy_yiuf_cottage
D:3:      layout_rooms, uniq_sigmund

Skill      XL: |  1  2  3  4  5 |
---------------+----------------+-----
Fighting       | 3 4 |  4.0
Axes           | 4 5 |  5.3
Armour         | |  2.1
Dodging        | |  1.1

Action                   |  1- 3 |  4- 6 || total
-------------------------+-------+-------++-------
Melee: Hand axe          |    43 |       ||    43
       War axe           |    28 |    41 ||    69
 Abil: Heal Wounds       |     2 |     2 ||     4
  Use: Scroll            |     1 |       ||     1
Armor: Leather armour    |    19 |    16 ||    35
Dodge: Dodged            |    42 |    30 ||    72

Table legend: (Time is in decaauts)
 A = Elapsed time spent in this place.
 B = Non-inter-level travel time spent in this place.
 C = Inter-level travel time spent in this place.
 D = Time resting spent in this place.
 E = Time spent auto-exploring this place.
 F = Levels seen in this place.
 G = Mean time per level.
                   A        B        C        D        E       F      G
               +--------+--------+--------+--------+--------+-----+--------+
         Total |   1490 |   1407 |     83 |      0 |   1096 |   3 |  496.7 |
       Dungeon |   1490 |   1407 |     83 |      0 |   1096 |   3 |  496.7 |
               +--------+--------+--------+--------+--------+-----+--------+

Top non-repeatable levels by time:
     D:2: 775 daAuts
     D:1: 643 daAuts
     D:3: 71 daAuts
